 Dungeon Crawl Stone Soup version 0.26-a0-665-gefeb406119 (webtiles) character file.

Game seed: 9549417210207827851

0 Gargoyl the Skirmisher (level 1, -3/23 HPs)
             Began as a Gnoll Abyssal Knight on Oct 14, 2020.
             Was a Follower of Lugonu.
             Slain by a small abomination (11 damage)
             ... on level 1 of the Abyss.
             The game lasted 00:00:11 (106 turns).

Gargoyl the Skirmisher (Gnoll Abyssal Knight)        Turns: 106, Time: 00:00:11

Health: -3/23      AC:  3    Str: 11 (14) XL:     1   Next: 0%
Magic:  3/3        EV: 12    Int: 12 (14) God:    Lugonu [*.....]
Gold:   0          SH:  0    Dex: 12 (14) Spells: 0/0 levels left

rFire    . . .     SeeInvis .   a - +1 hand axe
rCold    . . .     Faith    .   (no shield)
rNeg     . . .     Spirit   .   b - +0 leather armour
rPois    .         Reflect  .   (no helmet)
rElec    .         Harm     .   (no cloak)
rCorr    .         Rampage  .   (no gloves)
MR       .....                  (no boots)
Stlth    +.........             (no amulet)
HPRegen  0.07/turn              (no ring)
MPRegen  0.08/turn              (no ring)

@: no status effects
A: distributed training, fangs 1, strong nose
a: Depart the Abyss, Renounce Religion


You were on level 1 of the Abyss.
You worshipped Lugonu.
Lugonu was aware of your devotion.
You visited 0 branches of the dungeon, and saw 0 of its levels.
You visited the Abyss 1 time.

Inventory:

Hand Weapons
 a - a +1 hand axe (weapon)
Armour
 b - a +0 leather armour (worn)
Scrolls
 d - 2 scrolls of fear {unknown}
Potions
 c - a potion of degeneration


   Skills:
 + Level 6.4 Fighting
 + Level 0.0 Short Blades
 + Level 0.0 Long Blades
 + Level 4.4 Axes
 + Level 0.0 Maces & Flails
 + Level 0.0 Polearms
 + Level 0.0 Staves
 + Level 0.0 Slings
 + Level 0.0 Bows
 + Level 0.0 Crossbows
 + Level 0.0 Throwing
 + Level 4.4 Armour
 + Level 2.3 Dodging
 + Level 0.0 Stealth
 + Level 0.0 Shields
 + Level 0.0 Unarmed Combat
 + Level 0.0 Spellcasting
 + Level 0.0 Conjurations
 + Level 0.0 Hexes
 + Level 0.0 Summonings
 + Level 0.0 Necromancy
 + Level 0.0 Translocations
 + Level 0.0 Transmutations
 + Level 0.0 Fire Magic
 + Level 0.0 Ice Magic
 + Level 0.0 Air Magic
 + Level 0.0 Earth Magic
 + Level 0.0 Poison Magic
 + Level 4.4 Invocations
 + Level 0.0 Evocations


You couldn't memorise any spells.
You didn't know any spells.
Your spell library was empty.

Dungeon Overview and Level Annotations

Branches:
Dungeon (0/15)

Altars:


Innate Abilities, Weirdness & Mutations

Your experience applies equally to all skills.
You have very sharp teeth.
Your uncanny sense of smell can sniff out nearby items.


Message History

c - 2 puce potions
Found 20 bolts.
A tentacled starspawn comes into view.
A tentacled starspawn is nearby!
It was a potion of degeneration.
There was something very wrong with that liquid.
You feel weakened.
You feel dopey.
You feel clumsy.
A small abomination comes into view.
Found 2 scrolls labeled NAURUO CIAGEI.
The small abomination hits you!
Ouch! That really hurt!
The small abomination hits you but does no damage.
You see here 2 scrolls labeled NAURUO CIAGEI.
d - 2 scrolls labeled NAURUO CIAGEI The small abomination hits you but does no damage.
The small abomination completely misses you.
Tentacles burst from the starspawn's body! 2 starspawn tentacles come into view.
The small abomination hits you!
You die...

..#...... #..##..# ..
.........##..##..##..##.
..# .. .................
.## ...#..... ..........
## ##.##.##. ##..##..##.
###.. .##..##..##..##. .
... .......(........
#.#.# #........x.......
....#.#.##..##.@##..##.
.## #.#..##..##..# ..#
.... #............ ...
..... ............ ...
..#.. .#.....##..##. .
..... .... #..# .. ##.
... .... .. ≈ .# .... #.
. ≈.


You could see a small abomination.

Vanquished Creatures (others)
  2 starspawn tentacles (Abyss:1)
2 creatures vanquished.

Notes
Turn   | Place    | Note
-------+----------+-------------------------------------------
     0 | Abyss:1  | Gargoyl the Gnoll Abyssal Knight began the quest for the
                  | Orb.
     0 | Abyss:1  | Reached XP level 1. HP: 23/23 MP: 3/3
    24 | Abyss:1  | Found a corrupted altar of Lugonu.
    71 | Abyss:1  | Found a corrupted altar of Lugonu.
    94 | Abyss:1  | Noticed a tentacled starspawn
    98 | Abyss:1  | Noticed a small abomination
   106 | Abyss:1  | Slain by a small abomination

Illustrated notes

Levels and vault maps discovered:
Abyss:1:  evilmike_abyss_exit_10

Action                   || total
-------------------------++-------
  Use: Potion            ||     1
Armor: Leather armour    ||     2
Dodge: Dodged            ||     1

Table legend: (Time is in decaauts)
 A = Elapsed time spent in this place.
 B = Non-inter-level travel time spent in this place.
 C = Inter-level travel time spent in this place.
 D = Time resting spent in this place.
 E = Time spent auto-exploring this place.
 F = Levels seen in this place.
 G = Mean time per level.
                   A        B        C        D        E       F      G
               +--------+--------+--------+--------+--------+-----+--------+
         Total |    106 |    106 |      0 |      0 |     93 |   1 |  106.0 |
         Abyss |    106 |    106 |      0 |      0 |     93 |   1 |  106.0 |
               +--------+--------+--------+--------+--------+-----+--------+

Top non-repeatable levels by time:
 Abyss:1: 106 daAuts
